 Dungeon Crawl Stone Soup version 0.31-a0-177-g4aa6249778 (webtiles) character file.

Game seed: 10146151560201902052

1024 gelatine the Shooter (level 8, -3/58 HPs)
             Began as a Demonspawn Hunter on June 18, 2023.
             Killed from afar by Pikel (13 damage)
             ... with a puff of flame
             ... on level 4 of the Dungeon.
             The game lasted 00:08:14 (2909 turns).

gelatine the Shooter (Demonspawn Hunter)            Turns: 2909, Time: 00:08:14

Health: -3/58      AC:  6    Str: 13    XL:     8   Next: 2%
Magic:  8/8        EV: 13    Int: 10    God:
Gold:   153        SH:  0    Dex: 18    Spells: 7/7 levels left

rFire   . . .        q - +3 arbalest (freeze)
rCold   . . .        (shield currently unavailable)
rNeg    . . .        c - +0 leather armour
rPois   .            (no helmet)
rElec   .            (no cloak)
rCorr   .            (no gloves)
SInv    .            g - +0 pair of boots
Will    +....        (no amulet)
Stlth   ++           (no ring)
HPRegen 0.29/turn    (no ring)
MPRegen 0.11/turn

%: no passive effects
@: mighty, enlightened, flying
A: yellow scales 1, spiny 1, demonic magic 2
a: no special abilities


You were on level 4 of the Dungeon.
You visited 1 branch of the dungeon, and saw 5 of its levels.

You collected 288 gold pieces.
You spent 135 gold pieces at shops.

Inventory:

Hand Weapons
 a - a +0 shortbow
 q - a +3 arbalest of freezing (weapon)
 w - a +0 orcbow
Armour
 c - a +0 leather armour (worn)
 g - a +0 pair of boots (worn)
Jewellery
 k - an amulet of faith
Wands
 y - a wand of quicksilver (8)
Scrolls
 b - a scroll of butterflies
 d - a scroll of amnesia {unknown}
 f - a scroll of immolation {unknown}
 i - 2 scrolls of teleportation
 j - 2 scrolls of identify
 l - a scroll of blinking {unknown}
 m - a scroll of fear {unknown}
 n - a scroll of silence {unknown}
 o - a scroll of revelation {unknown}
 s - a scroll of fog {unknown}
Potions
 e - a potion of curing
 h - a potion of attraction {unknown}
 p - 2 potions of might
 r - a potion of berserk rage {unknown}
 t - a potion of lignification {unknown}
 u - a potion of invisibility
 v - a potion of heal wounds {unknown}
 x - a potion of degeneration {unknown}
 z - a potion of enlightenment


   Skills:
 * Level 3.5 Fighting
 * Level 7.4 Ranged Weapons
 * Level 2.6 Armour
 * Level 3.3 Dodging
 * Level 2.7 Stealth


You had 7 spell levels left.
You didn't know any spells.
Your spell library contained the following spells:

 Spells                   Type           Power      Damage    Failure   Level
 Freeze                   Ice            0%         1d3       43%         1
 Kiss of Death            Conj/Necr      0%         2d5       43%         1
 Confusing Touch          Hex            0%         N/A       82%         3
 Frozen Ramparts          Ice            0%         1d1       82%         3
 Hailstorm                Conj/Ice       0%         3d3       82%         3
 Dispel Undead            Necr           0%         3d6       99%         4


Dungeon Overview and Level Annotations

Branches:
Dungeon (5/15)
 Temple: D:4-7

Altars:
Cheibriados
Dithmenos
Sif Muna
Xom

Shops:
D:1 :(   D:3 (

Annotations:
D:4 Pikel


Innate Abilities, Weirdness & Mutations

You are partially covered in yellow scales. (AC +2)
You are partially covered in sharp spines.
Spells you cast may paralyse nearby enemies.


Message History

You hear a zap.
A puff of flame appears from out of thin air!
The puff of flame hits you.
You shoot a bolt. The bolt barely misses the lemure.
Something hits you!
You are electrocuted!
You shoot a bolt. Something hits you. Something hits you but does no damage.
You are too injured to fight recklessly!
You are too injured to fight recklessly!
You are too injured to fight recklessly!
Fire: q) +3 arbalest (freeze)
Press: ? - help, Q - select action, (/) - cycle Shift-Dir - straight line, f/p - lemure
Aim: a lemure (58% to hit)
You shoot a bolt. Something hits you but does no damage.
Unknown command.
Fire: q) +3 arbalest (freeze)
Press: ? - help, Q - select action, (/) - cycle Shift-Dir - straight line, f/p - lemure
Aim: a lemure (58% to hit)
You shoot a bolt. The bolt barely misses the lemure.
Something hits you but does no damage. Something hits you.
You are electrocuted!
* * * LOW HITPOINT WARNING * * *
It was a potion of might.
You feel very mighty all of a sudden. Something hits you!
* * * LOW HITPOINT WARNING * * *
You feel better. Something hits you but does no damage.
It was a potion of enlightenment.
You feel very buoyant.
You fly up into the air.
You hear a zap.
A puff of flame appears from out of thin air!
The puff of flame misses you.
As you read the scroll labelled IFAVOCV ZOVEI, it crumbles to dust.
It is a scroll of identify.
i - 2 scrolls of teleportation You hear a zap.
A puff of flame appears from out of thin air!
The puff of flame hits you!
You die...

#.#.........#
.#.......).#
..........#
#....)....# ####
#.........# ...#
#.........#
...###..)).....###
#....).).###.....#
#.#.#####.#.####@#
#...# ##.## #{#
#.########.# #5#
#........#.# #.#
#.######.#.# #.#
#.# #.# #.# ..#
#.# #.# ### ...
#.# [.
...........5K55


You could see a lemure.

Vanquished Creatures
  Menkaure (D:5)
  A water moccasin (D:5)
  2 ice beasts (D:5)
  A black bear (D:4)
  An ogre (D:5)
  A centaur (D:5)
  A phantom (D:5)
  2 lemures (D:4)
  A scorpion (D:5)
  2 jellies
  An iguana (D:5)
  An orc wizard (D:4)
  5 adders
  A white imp (D:5)
  2 worms
  A dart slug (D:5)
  8 orcs
  5 ball pythons
  2 endoplasms
  5 giant cockroaches
  7 goblins
  6 hobgoblins
  7 bats
  4 frilled lizards
  6 kobolds
  5 rats
79 creatures vanquished.

Notes
Turn   | Place    | Note
-------+----------+-------------------------------------------
     0 | D:1      | gelatine the Demonspawn Hunter began the quest for the Orb.
     0 | D:1      | Reached XP level 1. HP: 16/16 MP: 1/1
   204 | D:1      | Gained mutation: Spells you cast may paralyse adjacent
                  | enemies. [demonic ancestry]
   204 | D:1      | Reached XP level 2. HP: 22/22 MP: 2/2
   233 | D:1      | Reached skill level 4 in Ranged Weapons
   250 | D:1      | Found Terphit's Distillery.
   348 | D:1      | Found Jepsiat's Antique Weapon Emporium.
   456 | D:1      | Found Maseplat's Book Shoppe.
   722 | D:2      | Reached skill level 1 in Stealth
   722 | D:2      | Reached XP level 3. HP: 27/27 MP: 3/3
  1072 | D:2      | Reached XP level 4. HP: 33/33 MP: 4/4
  1177 | D:3      | Found a shadowy altar of Dithmenos.
  1276 | D:3      | Found a shimmering altar of Xom.
  1280 | D:3      | Found a shimmering blue altar of Sif Muna.
  1431 | D:3      | Found Akoacemo's Antique Weapon Shoppe.
  1454 | D:3      | Found a snail-covered altar of Cheibriados.
  1862 | D:1      | Bought a glowing arbalest for 135 gold pieces
  1930 | D:4      | Noticed a black bear
  1937 | D:4      | Killed a black bear
  1938 | D:4      | Reached skill level 5 in Ranged Weapons
  1938 | D:4      | Reached skill level 1 in Armour
  1938 | D:4      | Gained mutation: Spells you cast may paralyse nearby
                  | enemies. [demonic ancestry]
  1938 | D:4      | Reached XP level 5. HP: 22/39 MP: 5/5
  2103 | D:4      | You fall into a shaft and drop 1 floor!
  2103 | D:5      | Entered Level 5 of the Dungeon
  2142 | D:5      | Noticed Menkaure
  2146 | D:5      | Killed Menkaure
  2147 | D:5      | Gained mutation: You are partially covered in sharp spines.
                  | [demonic ancestry]
  2147 | D:5      | Reached XP level 6. HP: 16/46 MP: 6/6
  2295 | D:5      | Noticed an ice beast
  2303 | D:5      | Killed an ice beast
  2304 | D:5      | Reached skill level 6 in Ranged Weapons
  2392 | D:5      | Gained mutation: You are partially covered in yellow
                  | scales. (AC +2) [demonic ancestry]
  2392 | D:5      | Reached XP level 7. HP: 52/52 MP: 7/7
  2597 | D:5      | Reached skill level 7 in Ranged Weapons
  2859 | D:4      | Reached XP level 8. HP: 58/58 MP: 8/8
  2890 | D:4      | Noticed Pikel
  2909 | D:4      | Killed from afar by Pikel

Illustrated notes

Levels and vault maps discovered:
D:1:      erik_arrival_cave_to_civilisation [erik_arrival_cave_to_hall],
          layout_basic, serial_shops, nicolae_shop_rolling_square,
          nicolae_book_shop_shelving, shop, dk_noncrumbling_2
D:2:      layout_rooms
D:3:      layout_basic, zin_treasury, mainiacjoe_overflow_alcove_1,
          grunt_dithmenos_smoke, chequers_temple_overflow_statue_of_worship,
          serial_shops, shop_fountains
D:4:      minmay_door_path, layout_loops_ring, amcnicky_altar_gilded,
          grunt_ministairs_14, minmay_misc_feat_rugged, uniq_eustachio,
          uniq_pikel, uniq_natasha
D:5:      layout_rooms, nicolae_hexahallways, uniq_menkaure

Skill      XL: |  1  2  3  4  5  6  7 |
---------------+----------------------+-----
Ranged Weapons | 4 5 6 7 |  7.4
Dodging        | 2 3 |  3.3
Stealth        | 1 2 |  2.7
Armour         | 1 2 |  2.6
Fighting       | 3 |  3.5

Action                     |  1- 3 |  4- 6 |  7- 9 || total
---------------------------+-------+-------+-------++-------
   Fire: Shortbow          |    80 |    23 |       ||   103
         Arbalest          |       |    31 |    60 ||    91
    Use: Potion            |       |     1 |     3 ||     4
         Scroll            |       |       |     1 ||     1
 Armour: Leather armour    |     8 |    10 |    10 ||    28
  Dodge: Dodged            |    10 |    17 |    12 ||    39

Table legend: (Time is in decaauts)
 A = Elapsed time spent in this place.
 B = Non-inter-level travel time spent in this place.
 C = Inter-level travel time spent in this place.
 D = Time resting spent in this place.
 E = Time spent auto-exploring this place.
 F = Levels seen in this place.
 G = Mean time per level.
                   A        B        C        D        E       F      G
               +--------+--------+--------+--------+--------+-----+--------+
         Total |   2988 |   2809 |    179 |    100 |   2196 |   5 |  597.6 |
       Dungeon |   2988 |   2809 |    179 |    100 |   2196 |   5 |  597.6 |
               +--------+--------+--------+--------+--------+-----+--------+

Top non-repeatable levels by time:
     D:1: 768 daAuts
     D:3: 705 daAuts
     D:5: 691 daAuts
     D:2: 475 daAuts
     D:4: 348 daAuts
